 Dungeon Crawl Stone Soup version 0.31-a0-178-g96ec847f19 (webtiles) character file.

Game seed: 8138334993271318166

2013 qw the Skirmisher (level 9, -1/81 HPs)
             Began as a Naga Hunter on June 18, 2023.
             Was a Follower of Okawaru.
             Slain by Menkaure (15 damage)
             ... on level 7 of the Dungeon.
             The game lasted 00:02:46 (6679 turns).

qw the Skirmisher (Naga Hunter)                     Turns: 6679, Time: 00:02:47

Health: -1/81      AC:  7    Str: 14    XL:     9   Next: 22%
Magic:  11/12      EV: 15    Int: 10    God:    Okawaru [*.....]
Gold:   498        SH:  0    Dex: 18    Spells: 8/8 levels left

rFire   . . .        Y - +1 shortbow
rCold   . . .        (shield currently unavailable)
rNeg    . . .        e - +2 robe
rPois   +            (no helmet)
rElec   .            (no cloak)
rCorr   .            d - +0 pair of gloves
SInv    +            (no barding)
Will    ++...        (no amulet)
Stlth   ++++         j - ring of willpower
HPRegen 0.33/turn    (no ring)
MPRegen 0.13/turn

%: no passive effects
@: heroic, very slow
A: AC +3, large, see invisible, deformed body, poison resistance, slowness 2,
spit poison 1, naga tail 1
a: Spit Poison, Renounce Religion, Heroism


You were on level 7 of the Dungeon.
You worshipped Okawaru.
Okawaru was aware of your devotion.
You visited 1 branch of the dungeon, and saw 7 of its levels.

You collected 498 gold pieces.


Innate Abilities, Weirdness & Mutations

Your serpentine skin is tough. (AC +3)
You have supernaturally acute eyesight. (SInv)
Armour fits poorly on your strangely shaped body.
Your system is resistant to poisons. (rPois)
You cover ground very slowly.
You can spit poison.
You have a snake-like lower body.


   Skills:
 + Level 5.2(10.2) Fighting
 - Level 9.0(14.0) Ranged Weapons
 - Level 4.1(9.1) Dodging
 - Level 1.5(6.5) Stealth
 - Level 4.0 Invocations


You had 8 spell levels left.
You didn't know any spells.
Your spell library was empty.

Inventory:

Hand Weapons
 Y - a +1 shortbow (weapon)
Armour
 c - the +1 leather armour "Coawkud" {rPois Slay+3}
   (You found it on level 7 of the Dungeon)

   Slay:      It affects your accuracy & damage with ranged weapons and melee
   (+3).
   rPois:     It protects you from poison.
 d - a +0 pair of gloves (worn)
 e - a +2 robe (worn)
Jewellery
 j - a ring of willpower (left hand)
Wands
 a - a wand of digging (5)
Scrolls
 g - a scroll of identify
Potions
 f - a potion of magic
 h - 3 potions of cancellation {unknown}
 i - a potion of haste
 k - 2 potions of curing

Dungeon Overview and Level Annotations

Branches:
Dungeon (7/15)             Temple (0/1) D:5

Altars:
Cheibriados
Elyvilon
Gozag
Okawaru
Qazlal
Sif Muna
Uskayaw
Vehumet
Xom
The Shining One

Shops:
D:5 *

Annotations:
D:7 Menkaure, Pikel


Message History

Enter note:
Enter note:
Enter note:
Enter note:
Enter note:
Enter note:
Enter note:
Enter note:
Enter note:
Enter note:
6669 ||| INVOKING Heroism.
You gain the combat prowess of a mighty hero.
Menkaure calls on the powers of darkness!
Your body is wracked with pain!
You shoot an arrow. The arrow hits Menkaure.
Menkaure is lightly damaged.
You shoot an arrow. The arrow hits Menkaure.
Menkaure is lightly damaged.
You shoot an arrow. The arrow barely misses Menkaure.
Menkaure calls on the powers of darkness!
Your body is wracked with pain!
You shoot an arrow.
The arrow hits Menkaure but does no damage.
Menkaure is lightly damaged.
Menkaure calls on the powers of darkness!
Your body is wracked with pain!
You shoot an arrow. The arrow barely misses Menkaure.
You shoot an arrow. The arrow hits Menkaure.
Menkaure is moderately damaged.
You shoot an arrow. The arrow hits Menkaure.
Menkaure is heavily damaged.
You shoot an arrow.
The arrow hits Menkaure but does no damage.
Menkaure is heavily damaged.
You shoot an arrow. The arrow hits Menkaure.
Menkaure is severely damaged.
Menkaure barely misses you.
You shoot an arrow. The arrow barely misses Menkaure.
Menkaure hits you!
You die...

#.##.# #......)# #...
#.##.##########...#
####
#.##...........#...#
#.#............#.#..#
#.#.#########..#.#....
#.#.# ##..#.#'####
#.#.# ............
#.#####............###
#....@..........5K.%<#
######M..........55#.'
..........M..#.#
............)..#
...............#
..<............#
#..............#
#....#........#
........#


You could see Menkaure (fast).

Vanquished Creatures
  Maggie (D:7)
  Prince Ribbit (D:7)
  A water moccasin (D:7)
  An ice beast (D:6)
  A sky beast (D:6)
  A phantom (D:6)
  A lemure (D:7)
  Blork the orc (D:4)
  A kobold brigand (D:7)
  A bullfrog (D:7)
  A scorpion (D:7)
  A howler monkey (D:5)
  A jelly (D:5)
  6 hounds
  An orc priest (D:7)
  A gnoll bouda (D:7)
  Jessica (D:2)
  2 sleepcaps
  3 iguanas
  6 orc wizards
  A mummy (D:4)
  4 gnolls (D:7)
  10 adders
  A shadow imp (D:5)
  2 white imps
  2 ufetubi
  2 worms (D:3)
  3 dart slugs
  24 orcs
  7 endoplasms
  A giant cockroach (D:1)
  9 goblins
  7 hobgoblins
  3 jackals (D:1)
  3 quokkas
  7 ball pythons
  4 frilled lizards
  12 kobolds
  12 rats
147 creatures vanquished.

Notes
Turn   | Place    | Note
-------+----------+-------------------------------------------
     0 | D:1      | qw the Naga Hunter began the quest for the Orb.
     0 | D:1      | Reached XP level 1. HP: 19/19 MP: 1/1
     0 | D:1      | 0 ||| qw: Version: 0.3-a-7-ge0c9b40
     0 | D:1      | 0 ||| qw: Game counter: 868
     0 | D:1      | 0 ||| qw: Always use a shield: true
     0 | D:1      | 0 ||| qw: God list: Okawaru
     0 | D:1      | 0 ||| qw: Allow faded altars: false
     0 | D:1      | 0 ||| qw: Do Orc after D:15 true
     0 | D:1      | 0 ||| qw: Do second Lair branch before Depths: true
     0 | D:1      | 0 ||| qw: Lair rune preference: random
     0 | D:1      | 0 ||| qw: Plans: Normal
     0 | D:1      | 0 ||| PLANNING D:1-11
     7 | D:1      | 7 ||| INVOKING Spit Poison.
    37 | D:1      | 37 ||| INVOKING Spit Poison.
    40 | D:1      | 40 ||| INVOKING Spit Poison.
    43 | D:1      | 43 ||| INVOKING Spit Poison.
    62 | D:1      | 62 ||| INVOKING Spit Poison.
    63 | D:1      | Reached skill level 4 in Ranged Weapons
    63 | D:1      | Reached XP level 2. HP: 26/26 MP: 2/2
   154 | D:1      | 154 ||| INVOKING Spit Poison.
   158 | D:1      | 158 ||| INVOKING Spit Poison.
   161 | D:1      | 161 ||| INVOKING Spit Poison.
   165 | D:1      | 165 ||| INVOKING Spit Poison.
   236 | D:1      | 236 ||| INVOKING Spit Poison.
   241 | D:1      | 241 ||| INVOKING Spit Poison.
   246 | D:1      | 246 ||| INVOKING Spit Poison.
   249 | D:1      | 249 ||| INVOKING Spit Poison.
   252 | D:1      | HP: 4/26 [jackal (3)]
   255 | D:1      | 255 ||| INVOKING Spit Poison.
   258 | D:1      | Reached XP level 3. HP: 5/32 MP: 3/3
   392 | D:1      | 392 ||| INVOKING Spit Poison.
   423 | D:1      | 423 ||| INVOKING Spit Poison.
   520 | D:1      | Found a faded altar of an unknown god.
   530 | D:1      | 530 ||| INVOKING Spit Poison.
   614 | D:1      | 614 ||| READING scroll labelled HIRAMUTOQY.
   615 | D:1      | 615 ||| READING scroll labelled HUMUSHR SUGEKE.
   616 | D:1      | 616 ||| DROPPING scroll of butterflies.
   639 | D:2      | 639 ||| INVOKING Spit Poison.
   653 | D:2      | 653 ||| INVOKING Spit Poison.
   677 | D:2      | 677 ||| INVOKING Spit Poison.
   781 | D:2      | 781 ||| INVOKING Spit Poison.
   792 | D:2      | 792 ||| INVOKING Spit Poison.
   795 | D:2      | 795 ||| INVOKING Spit Poison.
   818 | D:2      | 818 ||| INVOKING Spit Poison.
   836 | D:2      | 836 ||| INVOKING Spit Poison.
  1017 | D:2      | 1017 ||| INVOKING Spit Poison.
  1020 | D:2      | Reached skill level 5 in Ranged Weapons
  1020 | D:2      | Reached XP level 4. HP: 39/39 MP: 4/4
  1039 | D:2      | Noticed Jessica
  1040 | D:2      | 1040 ||| INVOKING Spit Poison.
  1042 | D:2      | Killed Jessica
  1078 | D:2      | 1078 ||| INVOKING Spit Poison.
  1093 | D:2      | 1093 ||| INVOKING Spit Poison.
  1251 | D:2      | 1251 ||| UPGRADING to +0 pair of gloves.
  1256 | D:2      | 1256 ||| UPGRADING to +2 robe.
  1266 | D:2      | 1266 ||| DROPPING +0 leather armour.
  1267 | D:2      | 1267 ||| READING 2 scrolls labelled PYCWAM QIEGRA.
  1271 | D:2      | 1271 ||| READING scroll labelled CAHIOCYATOO.
  1272 | D:2      | 1272 ||| READING scroll labelled SUCYSU BAIWUG.
  1285 | D:3      | 1285 ||| INVOKING Spit Poison.
  1290 | D:3      | 1290 ||| INVOKING Spit Poison.
  1295 | D:3      | 1295 ||| INVOKING Spit Poison.
  1298 | D:3      | 1298 ||| INVOKING Spit Poison.
  1327 | D:3      | 1327 ||| INVOKING Spit Poison.
  1346 | D:3      | 1346 ||| INVOKING Spit Poison.
  1350 | D:3      | 1350 ||| INVOKING Spit Poison.
  1352 | D:3      | Reached skill level 3 in Fighting
  1355 | D:3      | 1355 ||| INVOKING Spit Poison.
  1361 | D:3      | Reached XP level 5. HP: 40/49 MP: 5/5
  1362 | D:3      | 1362 ||| INVOKING Spit Poison.
  1363 | D:3      | 1363 ||| INVOKING Spit Poison.
  1369 | D:3      | 1369 ||| INVOKING Spit Poison.
  1372 | D:3      | 1372 ||| INVOKING Spit Poison.
  1536 | D:3      | 1536 ||| INVOKING Spit Poison.
  1540 | D:3      | 1540 ||| INVOKING Spit Poison.
  1547 | D:3      | 1547 ||| INVOKING Spit Poison.
  1551 | D:3      | 1551 ||| INVOKING Spit Poison.
  1555 | D:3      | 1555 ||| INVOKING Spit Poison.
  1694 | D:3      | 1694 ||| INVOKING Spit Poison.
  1704 | D:3      | Found an iron altar of Okawaru.
  1705 | D:3      | 1705 ||| PLANNING OKAWARU WORSHIP
  1705 | D:3      | 1705 ||| READING scroll labelled PIFUIT OCVAA.
  1710 | D:3      | Became a worshipper of Warmaster Okawaru
  1711 | D:3      | 1711 ||| PLANNING D:1-11
  1732 | D:3      | 1732 ||| INVOKING Spit Poison.
  1744 | D:3      | 1744 ||| INVOKING Spit Poison.
  1806 | D:3      | 1806 ||| INVOKING Spit Poison.
  1871 | D:3      | Found a hide-covered altar of Uskayaw.
  1899 | D:3      | 1899 ||| INVOKING Spit Poison.
  2144 | D:3      | 2144 ||| READING scroll labelled TETOERI USSUT.
  2223 | D:3      | 2223 ||| READING scroll labelled JYNWIU ATEMUL.
  2324 | D:3      | 2324 ||| DRINKING 2 cyan potions.
  2367 | D:4      | 2367 ||| INVOKING Spit Poison.
  2372 | D:4      | 2372 ||| INVOKING Spit Poison.
  2376 | D:4      | 2376 ||| STAIRDANCE
  2378 | D:3      | 2378 ||| INVOKING Spit Poison.
  2382 | D:3      | 2382 ||| INVOKING Spit Poison.
  2387 | D:3      | 2387 ||| INVOKING Spit Poison.
  2388 | D:3      | HP: 12/49 [orc wizard/magic dart (4)]
  2389 | D:3      | 2389 ||| READING scroll of teleportation.
  2555 | D:3      | 2555 ||| INVOKING Spit Poison.
  2580 | D:4      | 2580 ||| INVOKING Spit Poison.
  2586 | D:4      | 2586 ||| INVOKING Spit Poison.
  2592 | D:4      | 2592 ||| INVOKING Spit Poison.
  2613 | D:4      | 2613 ||| INVOKING Spit Poison.
  2616 | D:4      | 2616 ||| INVOKING Spit Poison.
  2621 | D:4      | 2621 ||| INVOKING Spit Poison.
  2628 | D:4      | 2628 ||| INVOKING Spit Poison.
  2631 | D:4      | Reached skill level 6 in Ranged Weapons
  2631 | D:4      | Reached XP level 6. HP: 56/56 MP: 6/6
  2726 | D:4      | 2726 ||| INVOKING Spit Poison.
  2732 | D:4      | 2732 ||| INVOKING Spit Poison.
  2826 | D:4      | 2826 ||| INVOKING Spit Poison.
  2828 | D:4      | 2828 ||| Stepping ~*~*~tactically~*~*~ (outnumbered).
  2831 | D:4      | 2831 ||| INVOKING Spit Poison.
  2849 | D:4      | 2849 ||| INVOKING Spit Poison.
  2854 | D:4      | 2854 ||| INVOKING Spit Poison.
  2855 | D:4      | 2855 ||| INVOKING Spit Poison.
  2862 | D:4      | 2862 ||| INVOKING Spit Poison.
  2985 | D:4      | 2985 ||| INVOKING Spit Poison.
  2986 | D:4      | 2986 ||| Stepping ~*~*~tactically~*~*~ (outnumbered).
  2989 | D:4      | 2989 ||| INVOKING Spit Poison.
  2994 | D:4      | 2994 ||| INVOKING Spit Poison.
  2997 | D:4      | 2997 ||| INVOKING Spit Poison.
  3004 | D:4      | 3004 ||| INVOKING Spit Poison.
  3007 | D:4      | 3007 ||| INVOKING Spit Poison.
  3099 | D:4      | Noticed Blork the orc
  3102 | D:4      | 3102 ||| INVOKING Spit Poison.
  3107 | D:4      | 3107 ||| INVOKING Spit Poison.
  3107 | D:4      | Killed Blork the orc
  3170 | D:4      | 3170 ||| INVOKING Spit Poison.
  3285 | D:4      | Found a snail-covered altar of Cheibriados.
  3332 | D:4      | 3332 ||| INVOKING Spit Poison.
  3335 | D:4      | Reached XP level 7. HP: 64/64 MP: 7/7
  3383 | D:4      | 3383 ||| READING scroll labelled EDIUSUO PAYRAN.
  3384 | D:4      | 3384 ||| READING scroll labelled LIOBLI XIACU.
  3385 | D:4      | 3385 ||| READING scroll labelled EPUGO GUUPA.
  3386 | D:4      | 3386 ||| DRINKING 2 golden potions.
  3387 | D:4      | 3387 ||| READING 3 scrolls of identify.
  3387 | D:4      | 3387 ||| IDENTIFYING smoky green potion
  3388 | D:4      | 3388 ||| READING 2 scrolls of identify.
  3388 | D:4      | 3388 ||| IDENTIFYING smoky blue potion
  3389 | D:4      | 3389 ||| DROPPING potion of invisibility.
  3390 | D:4      | 3390 ||| DROPPING potion of degeneration.
  3423 | D:5      | Entered Level 5 of the Dungeon
  3424 | D:5      | 3424 ||| INVOKING Spit Poison.
  3429 | D:5      | 3429 ||| INVOKING Spit Poison.
  3457 | D:5      | 3457 ||| INVOKING Spit Poison.
  3464 | D:5      | 3464 ||| INVOKING Spit Poison.
  3465 | D:5      | Reached * piety under Okawaru
  3468 | D:5      | 3468 ||| INVOKING Heroism.
  3469 | D:5      | 3469 ||| INVOKING Heroism.
  3471 | D:5      | 3471 ||| INVOKING Spit Poison.
  3550 | D:5      | 3550 ||| INVOKING Spit Poison.
  3565 | D:5      | 3565 ||| INVOKING Spit Poison.
  3606 | D:5      | 3606 ||| INVOKING Spit Poison.
  3609 | D:5      | 3609 ||| INVOKING Spit Poison.
  3720 | D:5      | Found Icsuss's Overcharged Wands.
  3749 | D:5      | 3749 ||| INVOKING Spit Poison.
  3756 | D:5      | 3756 ||| INVOKING Spit Poison.
  3757 | D:5      | Reached skill level 7 in Ranged Weapons
  3791 | D:5      | Found a shimmering blue altar of Sif Muna.
  3827 | D:5      | 3827 ||| INVOKING Spit Poison.
  3834 | D:5      | 3834 ||| INVOKING Spit Poison.
  3840 | D:5      | 3840 ||| INVOKING Spit Poison.
  3844 | D:5      | 3844 ||| INVOKING Spit Poison.
  3848 | D:5      | 3848 ||| INVOKING Spit Poison.
  3882 | D:5      | Found a glowing golden altar of the Shining One.
  4046 | D:5      | 4046 ||| INVOKING Spit Poison.
  4047 | D:5      | 4047 ||| INVOKING Spit Poison.
  4090 | D:5      | Found a white marble altar of Elyvilon.
  4174 | D:5      | 4174 ||| INVOKING Heroism.
  4196 | D:5      | Found a stormy altar of Qazlal.
  4197 | D:5      | Found a shimmering altar of Xom.
  4264 | D:5      | Found a staircase to the Ecumenical Temple.
  4305 | D:5      | 4305 ||| READING scroll labelled LYSYES HYCAM.
  4306 | D:5      | 4306 ||| READING 2 scrolls of identify.
  4306 | D:5      | 4306 ||| IDENTIFYING bubbling yellow potion
  4341 | D:6      | 4341 ||| INVOKING Spit Poison.
  4345 | D:6      | 4345 ||| INVOKING Spit Poison.
  4470 | D:6      | 4470 ||| INVOKING Spit Poison.
  4480 | D:6      | 4480 ||| INVOKING Spit Poison.
  4501 | D:6      | Reached XP level 8. HP: 52/72 MP: 8/8
  4563 | D:6      | 4563 ||| INVOKING Spit Poison.
  4569 | D:6      | 4569 ||| INVOKING Spit Poison.
  4570 | D:6      | Reached skill level 8 in Ranged Weapons
  4594 | D:6      | Reached skill level 1 in Invocations
  4669 | D:6      | 4669 ||| INVOKING Spit Poison.
  4676 | D:6      | 4676 ||| INVOKING Spit Poison.
  4679 | D:6      | 4679 ||| INVOKING Spit Poison.
  4723 | D:6      | 4723 ||| INVOKING Spit Poison.
  5305 | D:6      | Found a radiant altar of Vehumet.
  5383 | D:6      | 5383 ||| UPGRADING to ring of willpower.
  5384 | D:6      | 5384 ||| READING scroll labelled QORU COM BOH.
  5423 | D:7      | Noticed Prince Ribbit
  5424 | D:7      | 5424 ||| INVOKING Heroism.
  5425 | D:7      | 5425 ||| INVOKING Spit Poison.
  5432 | D:7      | Killed Prince Ribbit
  5433 | D:7      | Reached skill level 3 in Invocations
  5587 | D:7      | 5587 ||| INVOKING Heroism.
  5770 | D:7      | Found an opulent altar of Gozag.
  5861 | D:7      | 5861 ||| INVOKING Heroism.
  5869 | D:7      | 5869 ||| INVOKING Spit Poison.
  5918 | D:7      | 5918 ||| INVOKING Spit Poison.
  5924 | D:7      | 5924 ||| INVOKING Spit Poison.
  5931 | D:7      | 5931 ||| INVOKING Spit Poison.
  5971 | D:7      | Identified the +1 leather armour "Coawkud" {rPois Slay+3}
  5987 | D:7      | 5987 ||| INVOKING Spit Poison.
  5992 | D:7      | 5992 ||| INVOKING Spit Poison.
  6000 | D:7      | 6000 ||| INVOKING Spit Poison.
  6001 | D:7      | 6001 ||| INVOKING Heroism.
  6007 | D:7      | 6007 ||| INVOKING Spit Poison.
  6101 | D:7      | 6101 ||| INVOKING Spit Poison.
  6105 | D:7      | Noticed Menkaure
  6106 | D:7      | 6106 ||| INVOKING Heroism.
  6106 | D:7      | Noticed Pikel
  6108 | D:7      | 6108 ||| INVOKING Spit Poison.
  6112 | D:7      | 6112 ||| INVOKING Spit Poison.
  6112 | D:7      | HP: 17/74 [??? (14)]
  6113 | D:7      | 6113 ||| READING scroll of teleportation.
  6353 | D:7      | 6353 ||| INVOKING Spit Poison.
  6354 | D:7      | 6354 ||| INVOKING Spit Poison.
  6361 | D:7      | Reached XP level 9. HP: 62/81 MP: 12/12
  6427 | D:7      | 6427 ||| INVOKING Spit Poison.
  6428 | D:7      | 6428 ||| Stepping ~*~*~tactically~*~*~ (outnumbered).
  6430 | D:7      | Reached skill level 9 in Ranged Weapons
  6430 | D:7      | 6430 ||| Stepping ~*~*~tactically~*~*~ (outnumbered).
  6431 | D:7      | 6431 ||| INVOKING Spit Poison.
  6437 | D:7      | 6437 ||| INVOKING Spit Poison.
  6443 | D:7      | 6443 ||| INVOKING Spit Poison.
  6509 | D:7      | Noticed Maggie
  6510 | D:7      | 6510 ||| INVOKING Spit Poison.
  6516 | D:7      | 6516 ||| INVOKING Heroism.
  6517 | D:7      | 6517 ||| INVOKING Spit Poison.
  6524 | D:7      | Killed Maggie
  6669 | D:7      | 6669 ||| INVOKING Heroism.
  6673 | D:7      | HP: 13/81 [??? (10)]
  6679 | D:7      | Slain by Menkaure

Levels and vault maps discovered:
D:1:      tarquinn_simple_flora_water_f, layout_basic,
          shapermc_ecumenical_altar_rom_forum, corexii_corridor_pit
D:2:      layout_loops_cross, uniq_jessica
D:3:      layout_loops_ring, mainiacjoe_overflow_catwalk,
          hellmonk_okawaru_the_only_friend_you_need
D:4:      layout_cave_pods, slow_altar_2, uniq_blork_the_orc
D:5:      layout_loops_ring, nicolae_sif_muna_condensation, lemuel_round_altar,
          gammafunk_temple_overflow_forgotten, minmay_temple_entry_glassed_door,
          nicolae_shop_overcharged_wands
D:6:      nicolae_cairo_tiling, layout_basic, overflow_temple_1_default,
          nicolae_underground_beach
D:7:      minmay_blocky_corners, layout_basic,
          nicolae_gozag_cash_rules_everything_around_me,
          kennysheep_another_room, kennysheep_path_1, uniq_prince_ribbit1,
          uniq_pikel, uniq_maggie, uniq_menkaure

Skill      XL: |  1  2  3  4  5  6  7  8  9 |
---------------+----------------------------+-----
Ranged Weapons | 4 5 6 7 8 9 |  9.0
Fighting       | 3 4 5 |  5.2
Dodging        | 2 4 |  4.1
Invocations    | 4 |  4.0
Stealth        | |  1.5

Action                     |  1- 3 |  4- 6 |  7- 9 || total
---------------------------+-------+-------+-------++-------
   Fire: Shortbow          |    75 |   161 |   271 ||   507
 Invoke: Heroism           |       |       |     9 ||     9
Ability: Spit Poison       |    26 |    54 |    46 ||   126
    Use: Scroll            |     2 |     7 |     9 ||    18
         Potion            |       |     1 |     1 ||     2
 Armour: Leather armour    |    17 |       |       ||    17
         Robe              |       |    34 |    58 ||    92
  Dodge: Dodged            |    39 |    57 |   101 ||   197

Table legend:
 A = Non-vault XP
 B = Vault XP
 C = Vault XP percentage of total XP
 D = Non-vault monster count
 E = Vault monster count
 F = Vault count percentage of total count
                 A         B        C        D         E       F
            +---------+---------+-------+---------+---------+-------
      Total |    2050 |     826 |  28.7 |     141 |       5 |   3.4
            +---------+---------+-------+---------+---------+-------
        D:1 |      49 |       0 |   0.0 |      28 |       0 |   0.0
        D:2 |      42 |      37 |  46.8 |      14 |       1 |   6.7
        D:3 |     143 |       0 |   0.0 |      28 |       0 |   0.0
        D:4 |     239 |     117 |  32.9 |      23 |       2 |   8.0
        D:5 |     451 |       0 |   0.0 |      19 |       0 |   0.0
        D:6 |     509 |       0 |   0.0 |      11 |       0 |   0.0
        D:7 |     617 |     672 |  52.1 |      18 |       2 |  10.0
            +---------+---------+-------+---------+---------+-------
